 Dungeon Crawl Stone Soup version 0.14.0-24-gfb45beb (webtiles) character file.

157261 Chiseanne the Pandemonic (level 17, -9/133 HPs)
             Began as a Black Draconian Wanderer on Apr 23, 2014.
             Was a High Priest of Makhleb.
             Engulfed by a blizzard demon's freezing vapour (13 damage)
             ... summoned by the player character
             ... on Level 9 of the Dungeon.
             The game lasted 02:29:23 (26136 turns).

Chiseanne the Pandemonic (DrWn)                    Turns: 26136, Time: 02:29:24

HP  -9/133       AC 20     Str 12      XL: 17   Next: 10%
MP  39/39        EV 17     Int 18      God: Makhleb [*****.]
Gold 679         SH 17     Dex 13      Spells:  7 memorised, 14 levels left

rFire  . . .     SeeInvis .     s - +3,+1 scimitar (flame)
rCold  . . .     Clarity  .     (armour unavailable)
rNeg   . . .     Conserve .     f - +3 buckler {AC+3}
rPois  +         rCorr    .     v - +2 hat
rElec  +         rRot     .     L - +1 cloak {rPois}
SustAb . .       Spirit   .     D - +0 pair of gloves
rMut   .         Warding  .     u - +2 pair of boots {Fly}
Saprov . . .     Stasis   .     n - amulet of faith
MR     +....                    t - ring of magical power
                                p - ring of sustenance

@: flying, very slightly contaminated, hasted, drained, very quick, somewhat
resistant to hostile enchantments, unstealthy
A: breathe lightning, able to fly continuously, unfitting armour, antennae 1,
large and strong wings, clumsy 1, deformed body, frail 1, low mp 1, electricity
resistance, spit poison 1, AC +9
a: Spit Poison, Breathe Lightning, Stop Flying, Minor Destruction, Lesser
Servant of Makhleb, Major Destruction, Greater Servant of Makhleb, Renounce
Religion


You were on level 9 of the Dungeon.
You worshipped Makhleb.
Makhleb was extremely pleased with you.
You were not hungry.

You visited 3 branches of the dungeon, and saw 18 of its levels.

You collected 1375 gold pieces.
You spent 696 gold pieces at shops.

Inventory:

Hand weapons
 a - a +5,+5 spear of flaming
 s - a +3,+1 scimitar of flaming (weapon)
Armour
 f - a +3 buckler of protection (worn)
 u - a +2 pair of boots of flying (worn)
 v - a +2 hat (worn)
 D - a +0 pair of gloves (worn)
 L - a +1 cloak of poison resistance (worn)
Magical devices
 b - a wand of paralysis (6)
 i - a wand of digging (6)
 k - a wand of hasting (0)
 E - a wand of confusion (5)
 H - a wand of polymorph (1)
Comestibles
 q - 9 meat rations
Scrolls
 c - a scroll of remove curse
 e - 3 scrolls of fog
 m - a scroll of teleportation
 y - a scroll of magic mapping
Jewellery
 n - an amulet of faith (around neck)
 p - a ring of sustenance (left hand)
 t - a ring of magical power (right hand)
Potions
 r - a potion of curing
 O - 2 potions of haste


   Skills:
 - Level 12.8(12.0) Fighting
 + Level 6.4(5.7) Long Blades
 - Level 6.2(5.5) Polearms
   Level 1.0(0.4) Staves
 - Level 10.4(9.6) Dodging
 - Level 1.0(0.4) Stealth
 - Level 12.2(11.4) Shields
 - Level 6.1(5.4) Spellcasting
 - Level 6.0(5.3) Hexes
 - Level 4.0(3.3) Charms
 - Level 1.0(0.4) Translocations
 - Level 1.2(0.6) Air Magic
 - Level 15.5(14.6) Invocations


You had 14 spell levels left.
You knew the following spells:

 Your Spells              Type           Power        Failure   Level  Hunger
a - Corona                Hex            ###....      1%          1    None
b - Shroud of Golubria    Chrm/Tloc      ##........   12%         2    None
c - Repel Missiles        Chrm/Air       ##....       12%         2    None
d - Apportation           Tloc           #.........   12%         1    None
e - Summon Small Mammal   Summ           #...         14%         1    None
f - Regeneration          Chrm/Necr      ##........   21%         3    ###....
g - Leda's Liquefaction   Hex/Erth       ##........   41%         4    ####...


Dungeon Overview and Level Annotations

Branches:
Dungeon (9/15)             Temple (1/1) D:4            Lair (8/8) D:8
  Swamp (0/5) Lair:3        Snake (0/5) Lair:5        Slime (0/6) Lair:7
    Orc: D:9-12

Altars:
Ashenzari
Cheibriados
Dithmenos
Elyvilon
Fedhas
Kikubaaqudgha
Makhleb
Nemelex Xobeh
Okawaru
Sif Muna
Trog
Vehumet
Xom
Yredelemnul
Zin
The Shining One

Shops:
D:6 [*[

Portals:
Ziggurat: Lair:8

Annotations:
D:9 Gastronok


Innate Abilities, Weirdness & Mutations

You can breathe wild blasts of lightning.
You can fly continuously.
Your glossy black scales are hard (AC +9).
Your body does not fit into most forms of armour.
Your cold-blooded metabolism reacts poorly to cold.
Your wings are large and strong.
You are resistant to electric shocks.
You have a pair of small antennae on your head.
You are clumsy. (Dex -2)
Your body is misshapen.
You are frail (-10% HP).
Your magical capacity is low (-10% MP).
You can spit poison.


Message History

Read which item? (? for menu, Esc to quit)
Okay, then.
Drink which item? (? for menu, Esc to quit)
Okay, then.
Evoke which item? (* to show all) (? for menu, Esc to quit)
Zapping:
k - a wand of hasting {zapped: 2}
Press: ? - help, Shift-Dir - straight line, f - you You feel yourself speed up.
You are very lightly contaminated with residual magic.
You are engulfed in freezing vapours.
* * * LOW HITPOINT WARNING * * *
Your Executioner hits the blizzard demon. x2
Your Executioner hits the blizzard demon! x3
Your Executioner barely misses the blizzard demon.
Your Executioner closely misses the blizzard demon.
Your Executioner hits the blizzard demon. x2
The blizzard demon hits your Executioner.
The blizzard demon misses your Executioner.
You are engulfed in freezing vapours.
You die...

###.#.# #.#.. # #.####.# #
## #.# #.# #.##. #§# #.#
#.... #§# #.# ####. #§#
#.# ## .########§## #.# #
......§§§@§# #.#
.#########1# #.# ###
#2###.#########[.
#########D.[.#...b...j...
............##.#########.#
######<...(..# #.#
#.......## #.# #..........
..# #......z.... ###


You could see Gastronok the shadow dragon, a blizzard demon and a friendly
Executioner.

Vanquished Creatures
  A hydra (Lair:4)
  The ghost of Protee the Archer, an experienced CeHu of Okawaru (D:8)
  A cyclops (Lair:7)
  2 griffons
  6 black mambas
  2 elephants
  5 spiny frogs
  A giant firefly (Lair:8)
  A queen bee (D:8)
  2 grizzly bears (Lair:8)
  6 blink frogs
  A ynoxinul (Lair:8)
  2 basilisks
  2 brown oozes (Lair:7)
  9 yaks
  A wyvern (Lair:5)
  A shark (Lair:3)
  3 vampire mosquitoes (Lair:3)
  A naga (Lair:5)
  7 water moccasins
  6 hippogriffs
  11 wolves (Lair:8)
  3 soldier ants
  2 ice beasts
  A yellow wasp (D:7)
  A necrophage (D:7)
  6 porcupines
  3 black bears
  A sky beast (D:8)
  A phantom (D:8)
  An ogre (D:5)
  A centaur (D:8)
  A boring beetle (Lair:7)
  Duvessa (D:5)
  A big kobold (D:8)
  8 crocodiles
  17 giant slugs
  17 giant frogs
  23 killer bees
  An eye of draining (D:8)
  6 scorpions
  7 wights
  Dowan (D:5)
  5 crimson imps
  5 hounds
  A jelly (D:5)
  A big fish (Lair:3)
  A goliath beetle (D:6)
  3 orc wizards
  6 orc priests
  13 worker ants
  A centaur skeleton (D:8)
  A sheep (Lair:7)
  8 iguanas
  Ijyb (D:5)
  20 adders
  5 gnolls
  30 green rats
  A shadow imp (D:4)
  A giant mite (D:2)
  A worm (D:2)
  An inept item mimic (D:3)
  2 ufetubi (Lair:8)
  An orc skeleton (D:8)
  3 giant eyeballs
  9 giant geckos
  An ooze (D:4)
  20 orcs
  A bat skeleton (D:4)
  3 giant cockroaches
  12 hobgoblins
  25 jackals
  7 quokkas
  2 ball pythons
  16 bats
  3 giant newts
  9 goblins
  A goblin skeleton (D:4)
  A hobgoblin skeleton (D:7)
  17 kobolds
  2 orc zombies
  A quokka skeleton (D:4)
  17 rats
  8 fungi
  5 plants
446 creatures vanquished.

Vanquished Creatures (collateral kills)
  The ghost of Sedillia the Grappler, an experienced TrMo (Lair:7)
  3 hydras (Lair:5)
  Erica (Lair:7)
  The ghost of TAS2012 the Eclecticist, a powerful DECj (Lair:1)
  4 death yaks
  A griffon (Lair:5)
  5 elephants (Lair:3)
  9 spiny frogs
  A queen ant (Lair:6)
  A black mamba (Lair:6)
  8 komodo dragons
  A hellwing (Lair:4)
  8 fire drakes
  6 giant fireflies (Lair:8)
  A spriggan druid (Lair:8)
  2 brown oozes (Lair:7)
  A polar bear (Lair:8)
  22 blink frogs
  5 grizzly bears (Lair:8)
  A ynoxinul (Lair:4)
  4 basilisks
  12 spriggans (Lair:8)
  5 wyverns (Lair:5)
  An elephant slug (Lair:8)
  5 yaks (Lair:8)
  7 hippogriffs
  2 nagas (Lair:5)
  A neqoxec (Lair:4)
  12 soldier ants (Lair:6)
  8 wolves (Lair:8)
  A vampire mosquito (Lair:3)
  2 porcupines
  5 water moccasins
  2 black bears (Lair:8)
  2 hell hounds (Lair:5)
  A big kobold (D:8)
  7 crocodiles
  7 giant frogs
  2 boring beetles
  4 giant slugs
  A crimson imp (D:8)
  A goliath beetle (D:8)
  An iron imp (Lair:4)
  28 worker ants (Lair:6)
  2 orc wizards (D:8)
  An iguana (Lair:4)
  9 sheep
  2 green rats (Lair:6)
  6 adders
  2 white imps (Lair:4)
  A worm (Lair:5)
  6 jackals
  3 quokkas
  3 bats
  A giant gecko (Lair:4)
  5 kobolds (D:8)
  A rat (Lair:4)
  6 fungi
  4 plants
255 creatures vanquished.

Vanquished Creatures (others)
  18 smoke demons
  13 orange demons
  9 hellwings
  10 ynoxinuls
  13 neqoxecs
  A water moccasin (Lair:7)
  An iron imp (Lair:8)
  3 crimson imps
  3 shadow imps
  3 white imps
  64 ufetubi
  12 fungi
  2 plants
152 creatures vanquished.

Grand Total: 853 creatures vanquished

Notes
Turn   | Place    | Note
--------------------------------------------------------------
     0 | D:1      | Chiseanne, the Draconian Wanderer, began the quest for the Orb.
     0 | D:1      | Reached XP level 1. HP: 14/14 MP: 4/4
   448 | D:1      | Reached XP level 2. HP: 5/20 MP: 0/6
  1043 | D:2      | Reached XP level 3. HP: 14/26 MP: 5/8
  1231 | D:2      | Reached skill level 1 in Polearms
  1666 | D:2      | Reached skill level 4 in Spellcasting
  1958 | D:2      | Reached XP level 4. HP: 26/33 MP: 9/11
  3051 | D:2      | Reached skill level 1 in Fighting
  3199 | D:3      | Reached skill level 1 in Hexes
  3532 | D:3      | Reached XP level 5. HP: 40/40 MP: 13/13
  4270 | D:4      | Noticed a hippogriff
  4297 | D:4      | Killed a hippogriff
  4297 | D:4      | Reached XP level 6. HP: 24/47 MP: 3/15
  5384 | D:4      | Found a staircase to the Ecumenical Temple.
  5390 | Temple   | Entered the Ecumenical Temple
  5820 | D:5      | Entered Level 5 of the Dungeon
  5820 | D:5      | Noticed a water moccasin
  5823 | D:5      | Your scales start taking on a glossy black colour.
  5823 | D:5      | Gained mutation: You are resistant to electric shocks. [draconian maturity]
  5823 | D:5      | Reached XP level 7. HP: 53/53 MP: 17/17
  5829 | D:5      | Killed a water moccasin
  6076 | D:5      | Paralysed by a giant eyeball for 3 turns
  6119 | D:5      | Found a glowing silver altar of Zin.
  6408 | D:5      | Noticed Dowan
  6409 | D:5      | Noticed Duvessa
  6413 | D:5      | Killed Duvessa
  6413 | D:5      | Reached skill level 5 in Dodging
  6417 | D:5      | Killed Dowan
  6505 | D:5      | Reached XP level 8. HP: 62/62 MP: 18/18
  6708 | D:5      | Noticed Ijyb
  6713 | D:5      | Killed Ijyb
  7228 | D:6      | Found Phuklyv's Antique Armour Emporium.
  7240 | D:6      | Bought a pair of gloves for 130 gold pieces
  7380 | D:6      | Found Zuwni's Armour Boutique.
  7386 | D:6      | Bought a +0 pair of boots for 54 gold pieces
  7421 | D:6      | Reached skill level 5 in Spellcasting
  7552 | D:6      | Reached skill level 6 in Dodging
  7577 | D:6      | Found a radiant altar of Vehumet.
  7578 | D:6      | Found a burning altar of Makhleb.
  7646 | D:6      | Became a worshipper of Makhleb the Destroyer
  7908 | D:6      | Found Yxalan's General Store.
  7917 | D:6      | Bought a scroll of identify for 28 gold pieces
  7917 | D:6      | Bought a scroll of identify for 28 gold pieces
  7917 | D:6      | Bought an apple for 9 gold pieces
  8389 | D:7      | Reached skill level 5 in Shields
  8449 | D:7      | Learned a level 2 spell: Repel Missiles
  8452 | D:7      | Learned a level 2 spell: Shroud of Golubria
  8505 | D:7      | Reached XP level 9. HP: 70/70 MP: 21/21
  8564 | D:7      | Found a glowing golden altar of the Shining One.
  8564 | D:7      | Found a blossoming altar of Fedhas.
  8564 | D:7      | Found a deep blue altar of Sif Muna.
  9113 | D:7      | Acquired Makhleb's first power
  9506 | D:8      | Reached skill level 5 in Polearms
 10079 | D:8      | Reached skill level 5 in Hexes
 10087 | D:8      | Acquired Makhleb's second power
 10135 | D:8      | Noticed Protee's ghost (experienced CeHu)
 10189 | D:9      | Reached XP level 10. HP: 54/80 MP: 20/24
 10212 | D:9      | Noticed Gastronok
 10222 | D:9      | Noticed a hill giant
 10356 | D:9      | Paralysed by a giant eyeball for 3 turns
 10361 | D:9      | Paralysed by a giant eyeball for 2 turns
 10366 | D:8      | Paralysed by a giant eyeball for 3 turns
 10492 | D:8      | Found a burning altar of Makhleb.
 10504 | D:9      | Noticed Gastronok
 10504 | D:9      | Gastronok changed into Gastronok the shadow dragon
 10630 | D:8      | Reached skill level 5 in Fighting
 10777 | D:8      | Killed Protee's ghost
 11022 | D:8      | Acquired Makhleb's third power
 11226 | D:8      | Gained mutation: You are frail (-10% HP). [potion of mutation]
 11226 | D:8      | Gained mutation: You are clumsy. (Dex -2) [potion of mutation]
 11226 | D:8      | Gained mutation: You are very clumsy. (Dex -4) [potion of mutation]
 11281 | D:8      | Found a staircase to the Lair.
 11281 | D:8      | Noticed an elephant
 11300 | D:8      | Killed an elephant
 11500 | D:8      | Paralysed by a giant eyeball for 3 turns
 11713 | D:8      | Acquired Makhleb's fourth power
 11755 | Lair:1   | Entered Level 1 of the Lair of Beasts
 11987 | Lair:1   | Reached skill level 5 in Invocations
 12233 | Lair:1   | Noticed TAS2012's ghost (powerful DECj)
 12329 | Lair:1   | Killed TAS2012's ghost
 12670 | Lair:1   | Reached skill level 7 in Invocations
 13291 | D:6      | Bought a +1 cloak of poison resistance for 189 gold pieces
 13573 | Lair:2   | Reached skill level 8 in Invocations
 13573 | Lair:2   | Reached XP level 11. HP: 31/80 MP: 21/25
 13583 | Lair:2   | Paralysed by a potion of paralysis for 4 turns
 14295 | Lair:2   | Reached skill level 9 in Invocations
 14586 | Lair:3   | Noticed a death yak
 14589 | Lair:3   | Noticed a death yak
 14591 | Lair:3   | Noticed a death yak
 14591 | Lair:3   | Noticed a death yak
 14773 | Lair:3   | Killed a death yak
 14795 | Lair:3   | Killed a death yak
 14802 | Lair:3   | Killed a death yak
 14802 | Lair:3   | Reached skill level 10 in Invocations
 14941 | Lair:3   | Found a staircase to the Swamp.
 16007 | Lair:3   | Reached skill level 1 in Charms
 16928 | Lair:4   | Gained mutation: Your magical capacity is low (-10% MP). [a neqoxec]
 17711 | Lair:4   | Noticed a six-headed hydra
 17729 | Lair:4   | Killed a six-headed hydra
 17729 | Lair:4   | Reached skill level 11 in Invocations
 18115 | D:6      | Bought a +2 pair of boots of flying for 258 gold pieces
 18288 | Lair:5   | Found a staircase to the Snake Pit.
 18333 | Lair:5   | Reached XP level 12. HP: 67/87 MP: 23/23
 18648 | Lair:1   | Learned a level 1 spell: Apportation
 18650 | Lair:1   | Learned a level 1 spell: Summon Small Mammal
 19378 | Lair:6   | Identified a scroll of acquirement
 19381 | Lair:6   | Got a pair of warped gloves
 19385 | Lair:6   | Identified the -5 pair of gloves of the Worm {Str+2 Int+4} (You acquired it on level 6 of the Lair of Beasts)
 19808 | Lair:6   | Acquired Makhleb's fifth power
 20228 | Lair:7   | Noticed Erica
 20610 | Lair:7   | Killed Erica
 20693 | Lair:7   | Noticed Sedillia's ghost (experienced TrMo)
 20712 | Lair:8   | Entered Level 8 of the Lair of Beasts
 21724 | Lair:7   | Reached skill level 13 in Invocations
 21724 | Lair:7   | Reached XP level 13. HP: 75/99 MP: 26/26
 21725 | Lair:7   | Reached skill level 10 in Fighting
 21725 | Lair:7   | Reached skill level 10 in Shields
 21725 | Lair:7   | Gained mutation: Your wings are large and strong. [draconian growth]
 21725 | Lair:7   | Reached XP level 14. HP: 80/109 MP: 27/27
 21726 | Lair:7   | Reached skill level 14 in Invocations
 21726 | Lair:7   | Reached XP level 15. HP: 84/117 MP: 27/27
 21854 | Lair:7   | Killed Sedillia's ghost
 21881 | Lair:7   | Found a staircase to the Slime Pits.
 24271 | Lair:8   | Reached skill level 10 in Dodging
 24993 | Lair:5   | Noticed a six-headed hydra
 25002 | Lair:5   | Killed a six-headed hydra
 25016 | Lair:5   | Killed a death yak
 25707 | Lair:5   | Noticed a four-headed hydra
 25720 | Lair:5   | Killed a four-headed hydra
 26044 | Lair:1   | Learned a level 3 spell: Regeneration
 26057 | Lair:1   | Gained mutation: You have a pair of small antennae on your head. [helix card]
 26059 | Lair:1   | Reached XP level 16. HP: 125/125 MP: 28/28
 26060 | Lair:1   | Shuffle card: Str 13[13], Int 17[17], Dex 15[11]
 26061 | Lair:1   | Reached skill level 15 in Invocations
 26061 | Lair:1   | Reached XP level 17. HP: 131/133 MP: 30/30
 26064 | Lair:1   | Lost mutation: You are very clumsy. (Dex -4) [helix card]
 26064 | Lair:1   | Gained mutation: You can spit poison. [helix card]
 26066 | Lair:1   | Gained mutation: Your body is misshapen. [a card of wild magic]
 26081 | Lair:1   | Learned a level 4 spell: Leda's Liquefaction
 26135 | D:9      | HP: 4/133 [blizzard demon][the player character] (3)]
 26136 | D:9      | Engulfed by a blizzard demon's freezing vapour

Action                   |  1- 3 |  4- 6 |  7- 9 | 10-12 | 13-15 | 16-18 || total
-------------------------+-------+-------+-------+-------+-------+-------++-------
Melee: Club              |    15 |       |       |       |       |       ||    15
       Spear             |    88 |   240 |   586 |  1095 |   563 |       ||  2572
 Cast: Corona            |     6 |       |    44 |   242 |    82 |       ||   374
       Shroud of Golubri |       |       |       |     1 |    10 |       ||    11
Invok: Lesser Servant of |       |       |       |    84 |    37 |       ||   121
       Greater Servant o |       |       |       |     1 |     6 |     2 ||     9
 Abil: Breathe Lightning |       |       |     2 |       |       |       ||     2
Evoke: Wand              |       |     3 |    29 |    41 |    24 |     1 ||    98
       Deck              |       |       |       |       |     7 |     6 ||    13
  Use: Potion            |     2 |     8 |     5 |    12 |     3 |       ||    30
       Scroll            |     6 |     8 |     6 |    16 |     8 |       ||    44
 Stab: Invisible         |     2 |       |       |     1 |       |       ||     3
       Sleeping          |     1 |       |     1 |       |       |       ||     2
       Distracted        |       |       |       |     5 |     3 |       ||     8
       Confused          |       |       |       |     2 |       |       ||     2
       Paralysed         |       |       |       |     2 |     3 |       ||     5
